 Dungeon Crawl Stone Soup version 0.20-a0-809-gaf7f668 (webtiles) character file.

144131 nubinia the Destroyer (level 16, -43/109 HPs)
             Began as a Demonspawn Wizard on Mar 2, 2017.
             Was a High Priest of Sif Muna.
             Annihilated by a titanic slime creature (85 damage)
             ... on level 13 of the Dungeon on Mar 3, 2017.
             The game lasted 05:05:17 (34484 turns).

nubinia the Destroyer (Demonspawn Wizard)          Turns: 34484, Time: 05:05:18

Health: -43/109    AC: 16    Str: 13    XL:     16   Next: 54%
Magic:  18/31      EV: 17    Int: 27    God:    Sif Muna [*****.]
Gold:   2414       SH: 21    Dex: 14    Spells: 3/37 levels left

rFire    . . .     SeeInvis .   b - +4 short sword (protect)
rCold    + + +     Gourm    .   d - +2 ring mail of Noughts and Crosses {rC+ rN+ MR+}
rNeg     + . .     Faith    .   Z - +3 buckler "Zacor" {rC+ Regen+ Int+3}
rPois    +         Spirit   .   D - +2 hat {MR+}
rElec    .         Reflect  +   z - +2 cloak {rPois}
rCorr    .         Harm     .   A - +2 pair of gloves {Str+3}
MR       +++..     Clarity  +   (boots unavailable)
Stlth    ++++......             P - +4 amulet of reflection
Regen    0.7/turn               m - +4 ring of evasion
MPRegen  0.3/turn               g - ring of stealth

@: divine energy
A: talons 3, large bone plates 3, clarity, clever 1, cold resistance 1, powered
by death 2, augmentation 2, subdued magic 1
}: 1/15 runes: gossamer
a: Stop Divine Energy, Channel Magic, Forget Spell, Renounce Religion


You were on level 13 of the Dungeon.
You worshipped Sif Muna.
Sif Muna was extremely pleased with you.
You were not hungry.

You visited 5 branches of the dungeon, and saw 26 of its levels.
You also visited: Labyrinth, Ossuary and Ice Cave.

You collected 2601 gold pieces.
You spent 187 gold pieces at shops.

Inventory:

Hand Weapons
 a - a +3 short sword of draining
 b - a +4 short sword of protection (weapon)
 B - a +0 blowgun
Missiles
 J - 5 tomahawks of dispersal (quivered)
 U - 79 poisoned needles
Armour
 c - a +2 pair of gloves of dexterity
 d - the +2 ring mail of Noughts and Crosses (worn) {rC+ rN+ MR+}
   (You found it in a labyrinth)

   It protects you from cold.
   It protects you from negative energy.
   It affects your resistance to hostile enchantments.
 q - a +1 helmet of intelligence
 z - a +2 cloak of poison resistance (worn)
 A - a +2 pair of gloves of strength (worn)
 D - a +2 hat of magic resistance (worn)
 Z - the +3 buckler "Zacor" (worn) {rC+ Regen+ Int+3}
   (You found it on level 2 of the Lair of Beasts)

   It affects your intelligence (+3).
   It protects you from cold.
   It increases your rate of regeneration.
Jewellery
 g - a ring of stealth (left hand)
 m - a +4 ring of evasion (right hand)
 t - an uncursed amulet of magic regeneration
 H - an uncursed ring of resist corrosion
 I - an uncursed ring of magical power
 K - an uncursed ring of wizardry
 P - a +4 amulet of reflection (around neck)
 S - an uncursed ring of see invisible
Wands
 E - a wand of digging (16/24)
 O - a wand of digging (5/24)
 Q - a wand of acid (0/15)
 R - a wand of lightning (5/15)
 T - a wand of acid (4/15)
 W - a wand of acid (3/15)
Scrolls
 h - 3 scrolls of identify
 o - a scroll of magic mapping
 u - 2 scrolls of amnesia
 w - 2 scrolls of recharging
 y - 8 scrolls of teleportation
 M - 9 scrolls of remove curse
Potions
 e - a potion of magic
 i - 3 potions of brilliance
 k - 2 potions of ambrosia
 n - 4 potions of heal wounds
 r - 3 potions of agility
 s - 11 potions of curing
 v - 2 potions of cancellation
 x - 2 potions of resistance
 G - a potion of invisibility
 V - a potion of haste
Books
 f - a book of Power

   Spells                             Type                      Level
   a - Iskenderun's Battlesphere      Conjuration/Charms           5
   b - Venom Bolt                     Conjuration/Poison           5
   c - Bolt of Magma                  Conjuration/Fire/Earth       5
   d - Iron Shot                      Conjuration/Earth            6
   e - Orb of Destruction             Conjuration                  7
   f - Spellforged Servitor           Conjuration/Summoning        7
 l - a Young Poisoner's Handbook

   Spells                             Type                      Level
   a - Sting                          Conjuration/Poison           1
   b - Poisonous Vapours              Poison/Air                   2
   c - Mephitic Cloud                 Conjuration/Poison/Air       3
   d - Olgreb's Toxic Radiance        Poison                       4
   e - Venom Bolt                     Conjuration/Poison           5
 C - a book of Party Tricks

   Spells                             Type                      Level
   a - Summon Butterflies             Summoning                    1
   b - Apportation                    Translocation                1
   c - Lesser Beckoning               Translocation                3
   d - Tukima's Dance                 Hexes                        3
   e - Alistair's Intoxication        Transmutation/Poison         5
   f - Invisibility                   Hexes                        6
 N - a book of Maledictions

   Spells                             Type                      Level
   a - Corona                         Hexes                        1
   b - Ensorcelled Hibernation        Hexes/Ice                    2
   c - Confuse                        Hexes                        3
   d - Tukima's Dance                 Hexes                        3
   e - Dazzling Spray                 Conjuration/Hexes            3
Miscellaneous
 j - a lamp of fire
 F - a fan of gales
 L - a lightning rod (1/4)
 X - a phantom mirror
Comestibles
 p - 35 fruits
 Y - a chunk of flesh


   Skills:
 + Level 5.0 Fighting
 + Level 8.6 Short Blades
   Level 0.1 Polearms
 + Level 1.6 Throwing
 * Level 5.8 Armour
 + Level 5.8 Dodging
 + Level 7.6 Stealth
 + Level 6.9 Shields
 * Level 11.2 Spellcasting
 * Level 11.8 Conjurations
 + Level 1.3 Charms
   Level 1.0 Summonings
 * Level 10.3 Necromancy
 * Level 8.5 Translocations
 * Level 9.1 Fire Magic
 * Level 9.1 Air Magic
 - Level 1.0 Poison Magic
 + Level 1.2 Evocations


You had 3 spell levels left.
You knew the following spells:

 Your Spells              Type           Power        Failure   Level  Hunger
a - Magic Dart            Conj           ####         1%          1    None
b - Iskenderun's Mystic   Conj           ######..     1%          4    None
c - Mephitic Cloud        Conj/Pois/Air  #####...     1%          3    None
d - Blink                 Tloc           N/A          1%          2    None
e - Swiftness             Chrm/Air       ####....     1%          2    None
f - Force Lance           Conj/Tloc      ######..     1%          4    None
h - Sticky Flame          Conj/Fire      ######..     1%          4    None
C - Conjure Flame         Conj/Fire      ######..     1%          3    None
D - Animate Dead          Necr           N/A          1%          4    None
G - Passage of Golubria   Tloc           N/A          1%          4    None
R - Regeneration          Chrm/Necr      #####.....   1%          3    None


Dungeon Overview and Level Annotations

Branches:
Dungeon (13/15)            Temple (1/1) D:6            Lair (6/6) D:9
 Shoals (0/4) Lair:4       Spider (4/4) Lair:4        Slime (0/5) Lair:5
    Orc (2/2) D:11            Elf (0/3) Orc:2
 Vaults: D:13-14

Altars:
Ashenzari
Cheibriados
Dithmenos
Elyvilon
Fedhas
Gozag
Hepliaklqana
Kikubaaqudgha
Makhleb
Okawaru
Qazlal
Sif Muna
Trog
Vehumet
Wu Jian
Xom
Zin
The Shining One
Beogh
Jiyva

Shops:
D:4 (   Orc:2 [}([


Innate Abilities, Weirdness & Mutations

You have claws for feet.
You are completely covered in large bone plates. (SH +8)
Your flesh is cold resistant. (rC+)
You regenerate health from kills.
Your magical and physical power is enhanced at high health.
You possess an exceptional clarity of mind.
Your mind is acute. (Int +2)
Your spells are a little easier to cast, but a little less powerful.


Message History

The deep elf mage mumbles some strange words.
The deep elf mage blinks!
Casting: Conjure Flame
Confirm with . or Enter, or press ? or * to list all spells.
Aiming: Conjure Flame
Press: ? - help, Dir - move target cursor The fire ignites!
The titanic slime creature is engulfed in blazing flames.
The titanic slime creature is engulfed in blazing flames.
Casting: Conjure Flame
Confirm with . or Enter, or press ? or * to list all spells.
Aiming: Sticky Flame
Press: ? - help, Shift-Dir - straight line, f - titanic slime creature
Aim: a titanic slime creature (heavily wounded)
The sticky flame hits the titanic slime creature.
The titanic slime creature is heavily wounded.
The titanic slime creature is covered in liquid flames!
The titanic slime creature burns!
The titanic slime creature hits you!!!!
Ouch! That really hurt!
You die...

###..........
#.[....###.###
##...........###
#########.<..)##
##..#..# ##.##.#######
#..#........
#############..########
#...EE§§§J@.....#
......###############
..###


You could see a titanic slime creature (burning) and 2 earth elementals.

Vanquished Creatures
  Gastronok (Lair:1)
  2 ghost moths (Spider:4)
  The ghost of dxctxrx the Impaler, a journeyman MfBe of Trog (D:13)
  4 emperor scorpions
  An orc warlord (Orc:1)
  2 entropy weavers
  2 spark wasps (Spider:3)
  2 blizzard demons (IceCv)
  A minotaur (Lab)
  7 hydras
  Harold (Lair:1)
  4 catoblepae
  The ghost of Alarkh the Carver, a journeyman DsFi of Okawaru (IceCv)
  The ghost of Klosterheim the Basher, a novice OgSk of Cheibriados (D:9)
  An ice dragon (Spider:1)
  A centaur warrior (Orc:2)
  5 two-headed ogres
  A tengu warrior (D:10)
  9 death yaks
  3 orc knights (Orc:2)
  17 orb spiders
  Pikel (D:9)
  An ugly thing (D:11)
  20 wolf spiders
  4 orc sorcerers
  2 moths of wrath
  2 manticores (Lair:6)
  9 black mambas
  An elephant (Spider:1)
  An ice statue (IceCv)
  4 orange demons (D:11)
  A gargoyle (D:13)
  11 spiny frogs
  5 komodo dragons
  An efreet (D:13)
  4 freezing wraiths (IceCv)
  5 demonic crawlers
  6 ice devils (IceCv)
  An anaconda simulacrum (IceCv)
  4 trolls
  2 polar bears (Lair:6)
  2 golden dragon simulacra (IceCv)
  20 jumping spiders
  3 red devils (D:11)
  5 hornets
  8 dream sheep
  9 hippogriffs
  A meliai zombie (D:12)
  9 blink frogs
  28 tarantellas
  60 redbacks
  A wyvern (D:11)
  68 yaks
  3 dire elephant simulacra (IceCv)
  2 shadows
  5 hungry ghosts (Lab)
  2 basilisks
  4 wargs
  2 death yak simulacra (IceCv)
  3 swamp worms (Spider:3)
  2 harpy simulacra (IceCv)
  2 iron troll simulacra (IceCv)
  An acid dragon (D:12)
  5 hydra simulacra (IceCv)
  9 water moccasins
  5 porcupines
  2 ice beasts
  A black bear (D:7)
  An eye of draining (D:13)
  40 orc warriors
  2 necrophages
  13 wolves
  8 centaurs
  3 phantoms
  10 ogres
  14 crocodiles
  6 big kobolds
  An elf zombie (Ossuary)
  12 bullfrogs
  2 elf skeletons (D:4)
  2 scorpions
  A wyvern skeleton (D:8)
  9 wights
  3 howler monkeys
  7 electric eels
  5 crimson imps
  The ghost of Sapher the Ruffian, a weakling VSFi (D:4)
  5 jellies
  5 centaur zombies
  14 orc priests
  5 hounds
  3 bullfrog skeletons
  3 centaur skeletons
  Crazy Yiuf (D:3)
  5 iguanas
  18 orc wizards
  Jessica (D:3)
  Natasha (thrice) (D:2)
  5 troll simulacra (IceCv)
  8 worker ants
  6 hell rats (Lair:5)
  3 spriggan simulacra (IceCv)
  A killer bee zombie (D:7)
  A polar bear simulacrum (IceCv)
  3 big kobold zombies (Ossuary)
  A hound skeleton (D:7)
  2 mummies (Ossuary)
  A worker ant zombie (D:11)
  3 gnolls (D:3)
  4 naga simulacra (IceCv)
  12 adders
  2 shadow imps
  5 white imps (IceCv)
  4 ufetubi (IceCv)
  An ooze (D:1)
  2 adder zombies
  5 worms
  An adder skeleton (D:9)
  2 dart slugs (D:1)
  A leopard gecko (D:2)
  91 orcs
  9 bats
  6 giant cockroaches
  6 goblins
  5 hobgoblins
  10 jackals
  25 kobolds
  6 quokkas
  2 ball pythons
  8 frilled lizards
  A goblin zombie (Ossuary)
  15 hobgoblin zombies (Ossuary)
  A jackal zombie (Ossuary)
  8 kobold zombies (Ossuary)
  A leopard gecko skeleton (D:9)
  2 leopard gecko zombies
  3 orc skeletons (D:4)
  5 orc zombies
  A quokka zombie (D:6)
  6 rats
  A rat zombie (Ossuary)
  A fungus (D:5)
903 creatures vanquished.

Vanquished Creatures (collateral kills)
  Donald (Spider:3)
  2 entropy weavers
  A spark wasp (Spider:4)
  6 orb spiders (Spider:4)
  13 wolf spiders
  3 demonic crawlers
  6 jumping spiders
  3 hornets (Spider:4)
  19 redbacks
  8 tarantellas
  4 swamp worms (Spider:3)
  An electric eel (Spider:4)
  9 worms (Spider:3)
  3 plants (Spider:3)
79 creatures vanquished.

Vanquished Creatures (others)
  4 wolf spiders
  A cyclops (D:11)
  3 orc warriors (Orc:2)
  4 centaurs (Orc:2)
  A bullfrog (D:9)
  4 orcs (Orc:2)
  15 fungi
  13 plants
45 creatures vanquished.

Grand Total: 1027 creatures vanquished

Notes
Turn   | Place    | Note
-------+----------+-------------------------------------------
     0 | D:1      | nubinia the Demonspawn Wizard began the quest for the Orb.
     0 | D:1      | Reached XP level 1. HP: 13/13 MP: 4/4
   412 | D:1      | Gained mutation: You regenerate a little health from kills. [demonic ancestry]
   412 | D:1      | Reached XP level 2. HP: 12/19 MP: 1/6
  1256 | D:2      | Gained mutation: Your flesh is cold resistant. (rC+) [demonic ancestry]
  1256 | D:2      | Reached XP level 3. HP: 23/24 MP: 1/8
  1366 | D:2      | Noticed Natasha
  1374 | D:2      | Killed Natasha
  1460 | D:2      | Noticed Natasha
  1472 | D:2      | Killed Natasha
  1472 | D:2      | Reached skill level 1 in Fighting
  1472 | D:2      | Gained mutation: You are partially covered in large bone plates. (SH +4) [demonic ancestry]
  1472 | D:2      | Reached XP level 4. HP: 25/32 MP: 4/9
  1544 | D:2      | Learned a level 3 spell: Conjure Flame
  1548 | D:2      | Learned a level 3 spell: Mephitic Cloud
  1682 | D:2      | Noticed Natasha
  1696 | D:2      | Killed Natasha
  2427 | D:3      | Gained mutation: You are mostly covered in large bone plates. (SH +6) [demonic ancestry]
  2427 | D:3      | Reached XP level 5. HP: 37/37 MP: 8/11
  2453 | D:3      | Found a runed door.
  2589 | D:3      | Learned a level 2 spell: Blink
  3110 | D:3      | Noticed Jessica
  3160 | D:3      | Killed Jessica
  3160 | D:3      | Reached skill level 1 in Short Blades
  3296 | D:3      | Reached XP level 6. HP: 43/43 MP: 9/13
  3910 | D:3      | Noticed Crazy Yiuf
  3917 | D:3      | Killed Crazy Yiuf
  4018 | D:4      | Noticed Sapher's ghost (weakling VSFi)
  4196 | D:4      | Found a sand-covered staircase.
  4206 | Ossuary  | Entered an ossuary
  4791 | Ossuary  | Reached skill level 1 in Translocations
  4812 | Ossuary  | Reached skill level 5 in Spellcasting
  4812 | Ossuary  | Gained mutation: You regenerate health from kills. [demonic ancestry]
  4812 | Ossuary  | Reached XP level 7. HP: 26/48 MP: 10/14
  5097 | Ossuary  | Gained mutation: Your mind is acute. (Int +2) [potion of mutation]
  5097 | Ossuary  | Gained mutation: Your spells are a little easier to cast, but a little less powerful. [potion of mutation]
  5097 | Ossuary  | Gained mutation: You possess an exceptional clarity of mind. [potion of mutation]
  5162 | D:4      | Reached skill level 1 in Shields
  5587 | D:4      | Found Badahoa's Weapon Shop.
  5704 | D:4      | Killed Sapher's ghost
  5810 | D:4      | Reached skill level 1 in Poison Magic
  5842 | D:4      | Reached XP level 8. HP: 56/56 MP: 11/15
  6073 | D:5      | Entered Level 5 of the Dungeon
  6600 | D:5      | Reached skill level 5 in Conjurations
  7219 | D:6      | Found an ancient bone altar of Kikubaaqudgha.
  7537 | D:6      | Gained mutation: You are completely covered in large bone plates. (SH +8) [demonic ancestry]
  7537 | D:6      | Reached XP level 9. HP: 62/62 MP: 17/17
  7654 | D:6      | Found a white marble altar of Elyvilon.
  7700 | D:6      | Found a staircase to the Ecumenical Temple.
  7706 | Temple   | Entered the Ecumenical Temple
  7813 | Temple   | Became a worshipper of Sif Muna the Loreminder
  8195 | D:7      | Reached skill level 1 in Fire Magic
  8829 | D:7      | Reached skill level 1 in Air Magic
  8971 | D:7      | Identified the Tome of Twisted Conjuration
  8977 | D:7      | Learned a level 3 spell: Regeneration
  9336 | D:7      | Found a shattered altar of Ashenzari.
  9961 | D:8      | Reached skill level 1 in Necromancy
  9977 | D:8      | Reached * piety under Sif Muna
 10274 | D:8      | Reached skill level 5 in Short Blades
 10304 | D:8      | Noticed a two-headed hydra
 10315 | D:8      | Killed a two-headed hydra
 10315 | D:8      | Reached XP level 10. HP: 36/69 MP: 19/19
 10348 | D:8      | Reached ** piety under Sif Muna
 11387 | D:9      | Found a staircase to the Lair.
 11436 | D:9      | Found a glowing silver altar of Zin.
 12160 | D:9      | Noticed Klosterheim's ghost (novice OgSk)
 12515 | Lair:1   | Entered Level 1 of the Lair of Beasts
 12542 | Lair:1   | Noticed Harold
 12816 | Lair:1   | Noticed a black mamba
 12819 | Lair:2   | Noticed a spiny frog
 12888 | Lair:2   | Killed a spiny frog
 12951 | Lair:2   | Noticed a spiny frog
 13032 | Lair:2   | Learned a level 4 spell: Iskenderun's Mystic Blast
 13040 | Lair:2   | Killed a spiny frog
 13040 | Lair:2   | Reached *** piety under Sif Muna
 13042 | Lair:2   | Noticed a spiny frog
 13056 | Lair:2   | Killed a spiny frog
 13056 | Lair:2   | Gained mutation: You have sharp toenails. [demonic ancestry]
 13056 | Lair:2   | Reached XP level 11. HP: 53/75 MP: 1/21
 13223 | Lair:2   | Learned a level 4 spell: Force Lance
 13300 | Lair:2   | Reached skill level 5 in Stealth
 13380 | Lair:2   | Reached skill level 1 in Charms
 13763 | Lair:2   | Got a dazzling buckler
 13795 | Lair:2   | Identified the +3 buckler "Zacor" {rC+ Regen+ Int+3} (You found it on level 2 of the Lair of Beasts)
 14252 | Lair:1   | Noticed Gastronok
 14844 | Lair:2   | Reached **** piety under Sif Muna
 14930 | Lair:1   | Reached skill level 1 in Throwing
 15068 | Lair:1   | Reached skill level 5 in Necromancy
 15132 | Lair:1   | Noticed a seven-headed hydra
 15146 | Lair:1   | Killed a seven-headed hydra
 15235 | Lair:1   | Reached skill level 5 in Translocations
 15270 | Lair:1   | Killed Harold
 15270 | Lair:1   | Reached skill level 5 in Fire Magic
 15735 | Lair:1   | Noticed a five-headed hydra
 15746 | Lair:1   | Killed a five-headed hydra
 15746 | Lair:1   | Gained mutation: Your magical and physical power is slightly enhanced at high health. [demonic ancestry]
 15746 | Lair:1   | Reached XP level 12. HP: 81/81 MP: 13/23
 16810 | Lair:4   | Found a staircase to the Shoals.
 17011 | Lair:4   | Learned a level 2 spell: Swiftness
 17016 | Lair:4   | Learned a level 4 spell: Passage of Golubria
 17133 | Lair:4   | Found a hole to the Spider Nest.
 17169 | Lair:4   | Noticed an eight-headed hydra
 17178 | Lair:4   | Killed an eight-headed hydra
 17383 | Lair:4   | Noticed a catoblepas
 17385 | Lair:4   | Noticed a death yak
 17406 | Lair:4   | Killed a death yak
 17415 | Lair:4   | Reached skill level 5 in Air Magic
 17455 | Lair:4   | Killed a catoblepas
 17455 | Lair:4   | Reached ***** piety under Sif Muna
 17460 | Lair:4   | Identified Bokh's Collected Works on the Ashen Entourage (Sif Muna gifted it to you on level 4 of the Lair of Beasts)
 17460 | Lair:4   | Received a gift from Sif Muna
 17626 | Lair:5   | Found a labyrinth entrance.
 17673 | Lab      | Entered a labyrinth
 17729 | Lab      | Reached skill level 5 in Shields
 17853 | Lab      | Got a dazzling ring mail
 18065 | Lab      | Got an iridescent hand axe
 18210 | Lab      | Noticed a minotaur
 18252 | Lab      | Killed a minotaur
 18311 | Lab      | Identified the Handbook of the Voyage
 18314 | Lab      | Identified Sif Muna's Guide on Unholy Venom
 18451 | Lair:5   | Noticed a four-headed hydra
 18463 | Lair:5   | Killed a four-headed hydra
 18463 | Lair:5   | Reached skill level 1 in Evocations
 18465 | Lair:5   | Noticed a six-headed hydra
 18498 | Lair:5   | Killed a six-headed hydra
 18993 | Lair:5   | Found a staircase to the Slime Pits.
 18993 | Lair:5   | Found a viscous altar of Jiyva.
 19007 | Lair:5   | Learned a level 2 spell: Shroud of Golubria
 19530 | Lair:5   | Gained mutation: You have razor-sharp toenails. [demonic ancestry]
 19530 | Lair:5   | Reached XP level 13. HP: 87/87 MP: 19/25
 19576 | Lair:5   | Identified the +5 hand axe of Wondrous Power {holy, Str+2 Dex+2} (You found it in a labyrinth)
 19918 | Lair:6   | Entered Level 6 of the Lair of Beasts
 20501 | Lair:6   | Identified Sif Muna's Tome of the Escort (Sif Muna gifted it to you on level 6 of the Lair of Beasts)
 20501 | Lair:6   | Received a gift from Sif Muna
 20671 | Lair:6   | Identified the +2 ring mail of Noughts and Crosses {rC+ rN+ MR+} (You found it in a labyrinth)
 21461 | Lair:6   | Reached skill level 1 in Armour
 21473 | Lair:6   | Reached skill level 10 in Conjurations
 22311 | Lair:1   | Killed Gastronok
 22311 | Lair:1   | Received a gift from Sif Muna
 22311 | Lair:1   | Reached XP level 14. HP: 95/95 MP: 16/27
 22347 | D:9      | Learned a level 4 spell: Sticky Flame
 22428 | D:9      | Noticed Pikel
 22456 | D:9      | Killed Klosterheim's ghost
 22458 | D:9      | Killed Pikel
 22574 | D:10     | Entered Level 10 of the Dungeon
 23417 | D:5      | Identified a scroll of acquirement
 24187 | D:11     | Found a staircase to the Orcish Mines.
 25575 | Orc:1    | Entered Level 1 of the Orcish Mines
 25575 | Orc:1    | Found a roughly hewn altar of Beogh.
 25763 | Orc:2    | Entered Level 2 of the Orcish Mines
 25851 | Orc:2    | Found a staircase to the Elven Halls.
 25852 | Orc:2    | Noticed an orc warlord
 25938 | Orc:1    | Killed an orc warlord
 26069 | Orc:2    | Reached skill level 10 in Spellcasting
 26107 | Orc:2    | Found Pypauf's Gadget Shoppe.
 26107 | Orc:2    | Found Vatref's Antique Weapon Boutique.
 26109 | Orc:2    | Found Imatis's Armour Shop.
 26111 | Orc:2    | Found Qemm's Antique Armour Emporium.
 26124 | Orc:2    | Bought a glowing helmet for 187 gold pieces
 26279 | Orc:2    | Found a roughly hewn altar of Beogh.
 26334 | Orc:2    | Identified Sif Muna's Reference Book on Shifting Conjuration (Sif Muna gifted it to you on level 2 of the Orcish Mines)
 26334 | Orc:2    | Received a gift from Sif Muna
 27079 | Spider:1 | Entered Level 1 of the Spider Nest
 27237 | Spider:1 | Reached skill level 5 in Dodging
 27304 | Spider:1 | Noticed an entropy weaver
 27441 | Lair:4   | Killed an entropy weaver
 27441 | Lair:4   | Gained mutation: You have claws for feet. [demonic ancestry]
 27441 | Lair:4   | Reached XP level 15. HP: 56/101 MP: 2/29
 27647 | Spider:1 | Found a frozen archway.
 27660 | IceCv    | Entered an ice cave
 27892 | IceCv    | Noticed Alarkh's ghost (journeyman DsFi)
 27901 | IceCv    | Killed Alarkh's ghost
 29049 | IceCv    | Identified Sif Muna's Tome of Weightlessness and Summoning (Sif Muna gifted it to you in an ice cave)
 29049 | IceCv    | Received a gift from Sif Muna
 29125 | IceCv    | Got a heavily runed leather armour
 29126 | IceCv    | Identified the +0 leather armour of Immorality {Dex+2} (You found it in an ice cave)
 30596 | Spider:1 | Learned a level 4 spell: Animate Dead
 30845 | Spider:2 | HP: 5/101 [wolf spider (5)]
 32235 | Spider:3 | Noticed Donald
 32281 | Spider:3 | Killed Donald
 32387 | Spider:3 | Reached skill level 5 in Armour
 32412 | Spider:3 | Received a gift from Sif Muna
 32563 | Spider:3 | Gained mutation: Your magical and physical power is enhanced at high health. [demonic ancestry]
 32563 | Spider:3 | Reached XP level 16. HP: 75/108 MP: 30/30
 32652 | Spider:4 | Entered Level 4 of the Spider Nest
 32731 | Spider:4 | Reached skill level 5 in Fighting
 32745 | Spider:4 | Reached skill level 10 in Necromancy
 33836 | Spider:4 | Got a gossamer rune of Zot
 34264 | D:13     | Noticed dxctxrx's ghost (journeyman MfBe)
 34306 | D:13     | Killed dxctxrx's ghost
 34484 | D:13     | Annihilated by a titanic slime creature

Vault maps used:
D:1:      dpeg_arrival_arbitrary_b, minmay_distorted
D:2:      minmay_door_path, uniq_natasha
D:3:      uniq_crazy_yiuf_cottage, uniq_jessica
D:4:      nicolae_ossuary_entry_catacombs, first_bread, serial_shops,
          nicolae_shop_temple_entry_statues_fountains, kennysheep_generic_room_3
D:5:      water_boxes_lemuel
D:6:      kennysheep_little_box, nicolae_overflow_crystal_walls,
          minmay_temple_entry_hall
D:7:      ashenzari_altar_1
D:8:      serial_glass, glass_columns_a, glass_columns_a, hangedman_ranch,
          corexii_leaking_fountain, item_on_display_a
D:9:      zin_academy, david_lair_shrubbed, uniq_pikel
D:11:     orc_0_dummy, minmay_beelzebubs_servants
D:13:     erik_vaults_2
Temple:   dpeg_five_rooms_temple
Lair:1:   grunt_megastairs_4, infiniplex_staircase_pool, uniq_gastronok,
          uniq_harold
Lair:4:   shoals_dummy_entry, spider_nest_entry_web_field, st_stairs_7,
          nicolae_lair_yak_garden
Lair:5:   slime_altar_1, lab_entry_generic, nicolae_quartered_pool_medium,
          serial_bayou_shore_a
Lair:6:   evilmike_catoblepas_cave, grunt_megastairs_2
Spider:1: portal_ice_cave_entry_dragon
Spider:2: nicolae_spider_webbed_stairs
Spider:3: worms_lemuel, uniq_donald
Spider:4: spider_rune_water
Orc:1:    basic_altar
Orc:2:    st_orc_rangers, basic_altar
Lab:      nicolae_lab_dead_adventurers, labyrinth_skeletal_remains,
          nicolae_lab_flowing_pool, nicolae_lab_lava, nicolae_lab_diamond,
          nicolae_lab_arrow, lab_block, nicolae_lab_grate
Ossuary:  ossuary_tomb_1
IceCv:    ice_cave_caverns_03

Skill      XL: |  1  2  3  4  5  6  7  8  9 10 11 12 13 14 15 16 |
---------------+-------------------------------------------------+-----
Dodging        | 2 3 4 5 |  5.8
Stealth        | 2 3 4 6 7 |  7.6
Fighting       | 1 2 3 4 5 |  5.0
Spellcasting   | 4 5 6 7 8 9 10 11 | 11.2
Conjurations   | 2 3 5 6 7 8 9 10 11 | 11.8
Short Blades   | 1 2 3 4 5 6 7 8 |  8.6
Translocations | 1 2 3 5 6 7 8 |  8.5
Shields        | 1 2 3 4 5 6 |  6.9
Poison Magic   | 1 |  1.0
Fire Magic     | 2 3 5 7 8 9 |  9.1
Air Magic      | 2 3 4 5 7 8 9 |  9.1
Necromancy     | 2 3 5 6 7 8 9 10 | 10.3
Charms         | 1 |  1.3
Throwing       | 1 |  1.6
Evocations     | 1 |  1.2
Armour         | 1 3 5 |  5.8
Polearms       | |  0.1
Summonings     | |  1.0

Action                   |  1- 3 |  4- 6 |  7- 9 | 10-12 | 13-15 | 16-18 || total
-------------------------+-------+-------+-------+-------+-------+-------++-------
Melee: Spear             |    31 |       |       |       |       |       ||    31
       Short sword       |    23 |   103 |   352 |   139 |  2081 |   278 ||  2976
       Dagger            |       |       |       |   825 |       |       ||   825
       Kick              |       |       |       |   157 |   548 |    87 ||   792
 Fire: Blowgun           |       |       |       |    33 |    19 |       ||    52
 Cast: Magic Dart        |    42 |   160 |   240 |   363 |   244 |     4 ||  1053
       Mephitic Cloud    |       |     3 |    15 |    80 |   195 |    19 ||   312
       Blink             |       |     7 |     1 |     1 |       |       ||     9
       Conjure Flame     |       |     1 |     8 |    19 |    24 |     4 ||    56
       Iskenderun's Myst |       |       |       |    19 |    48 |    10 ||    77
       Regeneration      |       |       |       |    13 |     1 |       ||    14
       Force Lance       |       |       |       |    52 |    96 |    16 ||   164
       Shroud of Golubri |       |       |       |       |     8 |       ||     8
       Sticky Flame      |       |       |       |       |    35 |    13 ||    48
       Animate Dead      |       |       |       |       |    12 |    25 ||    37
Invok: Divine Energy     |       |       |     1 |       |       |       ||     1
Evoke: Wand              |       |       |     3 |    11 |    18 |     2 ||    34
       Lamp of fire      |       |       |       |     1 |     2 |       ||     3
       Lightning rod     |       |       |       |       |    12 |     3 ||    15
  Use: Potion            |       |     2 |     4 |     7 |     8 |       ||    21
       Scroll            |       |     9 |     8 |     9 |    18 |       ||    44
 Stab: Sleeping          |     8 |     7 |    11 |     7 |    11 |     5 ||    49
       Confused          |       |     2 |     7 |    61 |   123 |    19 ||   212
       Distracted        |       |       |       |     1 |     3 |     5 ||     9
       Held in net/web   |       |       |       |       |     2 |       ||     2
       Paralysed         |       |       |       |       |     1 |       ||     1
  Eat: Chunk             |     2 |     8 |    12 |    20 |    36 |     2 ||    80
       Royal jelly       |       |     1 |     1 |       |       |     1 ||     3
       Meat ration       |       |       |     1 |     2 |       |       ||     3
       Fruit             |       |       |       |     4 |     9 |       ||    13
       Bread ration      |       |       |       |       |       |     1 ||     1
Armor: Robe              |     7 |    12 |    44 |   118 |    24 |       ||   205
       Leather armour    |       |       |       |       |    30 |       ||    30
       Ring mail         |       |       |       |       |   295 |    52 ||   347
Dodge: Dodged            |    32 |    45 |   116 |   229 |   550 |    88 ||  1060
Block: Other             |       |    21 |    18 |       |       |       ||    39
       Buckler           |       |       |   103 |   445 |  1439 |   240 ||  2227
       Reflection        |       |       |       |       |    68 |       ||    68
